woodfighter, chaotic female sylph Ranger ------- |.....--- ------------ |<.^.....###### |..*@......| |.......| # |..C........ |.......| ### ------------- ##...*.).....| |.....--- # |...........| # |.....)..... ------- ###|............#%## --------.--- #............|############### -------------# woodfighter the Lookout Experience level: 5 Strength: 16 Dexterity: 11 Constitution: 15 Intelligence: 14 Wisdom: 14 Charisma: 7 Health: 0(37) Energy: 29(29) Def: 3 Gold: 379 Moves: 2596 Dungeon seed: HQtIQ8WXCwyMSmY5 Game ID: woodfighter_1470220098 Your Inventory: Coins $ - 379 gold pieces Weapons a - a +1 dagger (alternate weapon; not wielded) b - a +2 bow (weapon in hand) c - 47 +2 arrows (in quiver) d - 33 +0 arrows C - 45 blessed +2 arrows Armor e - an uncursed +2 cloak of displacement (being worn) n - a cursed -2 dwarvish cloak Comestibles f - 2 uncursed cram rations q - an uncursed tin of spinach P - 2 uncursed eucalyptus leaves U - 2 uncursed lichen corpses Scrolls s - 2 uncursed scrolls of gold detection w - 2 cursed scrolls of identify B - 2 uncursed scrolls of identify K - 2 uncursed scrolls of scare monster R - a blessed scroll of food detection X - a blessed scroll of destroy armor Spellbooks z - an uncursed spellbook of detect unseen E - an uncursed spellbook of restore ability Potions h - a blessed potion of gain energy i - an uncursed potion of healing p - a blessed potion of blindness Q - an uncursed potion of gain energy S - an uncursed potion of speed Wands g - a wand of slow monster (0:3) Tools y - an uncursed lock pick A - a +0 pick-axe D - 7 uncursed tallow candles (0:200) G - an uncursed oil lamp (0:1102) Spells and supernatural/magical abilities: Name Level Category Fail Memory W - pray for help -- divine ? -- Your skills at the end: Miscellaneous Skills wands [Basic] Weapon Skills dagger [Basic] bow [Basic] Spellcasting Skills Final Attributes: You were piously aligned. You saw invisible. You had automatic searching. You had infravision. You were displaced. You were stealthy. You were protected from shape changers. You are dead. Vanquished creatures: a dog a yellow light a gnomish wizard a kitten 2 iguanas 5 rothes a coyote 2 hobbits a large kobold 4 geckos a hobgoblin 2 giant rats 3 cave spiders 3 yellow molds 3 gnomes a gnome zombie 3 jackals a fox 2 kobolds 4 newts a goblin 2 grid bugs a bat 2 lichens 48 creatures vanquished. Voluntary challenges: You followed a strict vegan diet. You did not adorn yourself with jewelry or accessories. You were an atheist. You used a wielded weapon 3 times, starting on turn 793. You did not apply a unicorn horn. You were illiterate. You never genocided any monsters. You never polymorphed an object. You never changed form. You used no wishes. You never split a pudding. You never wrote Elbereth's name. You never violated your personal moral code. Dungeon overview: The Dungeons of Doom: levels 1 to 7 Level 1 a long staircase Level 2 a general store, a fountain Level 3 a general store, a fountain stairs to The Gnomish Mines Level 4 a fountain Level 5 Level 6 Level 7 <- You were here The Gnomish Mines: Level 4 stairs to The Dungeons of Doom History has recorded: On T:1 you entered the Dungeons of Doom to retrieve the Amulet of Yendor! On T:39 you reached level 2 of The Dungeons of Doom. On T:481 you reached level 3 of The Dungeons of Doom. On T:793 you advanced to experience level 2. On T:1006 you reached level 4 of The Dungeons of Doom. On T:1089 you reached level 1 of The Gnomish Mines. On T:1206 you advanced to experience level 3. On T:1313 you reached level 5 of The Dungeons of Doom. On T:1638 you advanced to experience level 4. On T:1652 you reached level 6 of The Dungeons of Doom. On T:2294 you advanced to experience level 5. On T:2473 you reached level 7 of The Dungeons of Doom. Score breakdown: Gold: 379 ( 37 points) Experience: 5 levels ( 400 points) Exploration: 7 levels ( 180 points) Discoveries: 4 items ( 200 points) Variety of kills: 24 monsters ( 1200 points) Major goal: (nothing yet) ( 0 points) Survival: died (score multiplied by 3) Total score: 6051 Latest messages: You attempt to fire an arrows with your bare hands. The arrow misses the plains centaur. The plains centaur punches you! The plains centaur kicks! You attempt to fire an arrows with your bare hands. The arrow hits the plains centaur. The plains centaur punches you! The plains centaur kicks! You attempt to fire an arrows with your bare hands. The arrow hits the plains centaur. The plains centaur punches you! The plains centaur kicks! The plains centaur punches you! The plains centaur kicks! You attempt to fire an arrows with your bare hands. The arrow misses the plains centaur. The plains centaur punches you! The plains centaur just misses! You are now wielding your bow. The plains centaur punches you! The plains centaur kicks! You die... Final status: Goodbye woodfighter the Ranger, killed by a plains centaur... You died in The Dungeons of Doom on dungeon level 7 with 6051 points, and 379 pieces of gold, after 2596 moves. You were level 5 with a maximum of 37 hit points when you died.